 Dungeon Crawl Stone Soup version 0.19.1 (webtiles) character file.

18 dohliylev the Sneak (level 2, -4/19 HPs)
             Began as a Vampire Enchanter on Nov 29, 2016.
             Slain by a sky beast (5 damage)
             ... on level 5 of the Dungeon.
             The game lasted 00:02:24 (394 turns).

dohliylev the Sneak (Vampire Enchanter)              Turns: 394, Time: 00:02:25

Health: -4/19      AC:  5    Str:  7    XL:     2   Next: 51%
Magic:  5/5        EV: 10    Int: 17    God:
Gold:   75         SH:  0    Dex: 14    Spells: 2 memorised, 2 levels left

rFire  . . .     SeeInvis +     a - +1 dagger
rCold  . . .     Gourm    .     f - +0 ring mail (curse)
rNeg   + . .     Faith    .     (no shield)
rPois  .         Spirit   .     (no helmet)
rElec  .         Reflect  .     (no cloak)
rCorr  .         Harm     .     (no gloves)
MR     .....     Rnd*Tele +     (no boots)
Stlth  ++........               (no amulet)
                                (no ring)
                                e - ring of teleportation (curse)

@: no status effects
A: fangs 3, see invisible, unbreathing
a: no special abilities


You were on level 5 of the Dungeon.
You were not thirsty.

You visited 1 branch of the dungeon, and saw 5 of its levels.

You collected 75 gold pieces.

Inventory:

Hand Weapons
 a - a +1 dagger (weapon)
Armour
 b - a +1 robe
 f - a cursed +0 ring mail (worn)
Jewellery
 e - a cursed ring of teleportation (left hand)
Wands
 i - a wand of digging (6/24)
Scrolls
 g - a scroll of teleportation {unknown}
 h - a scroll of identify {unknown}
Potions
 d - 2 potions of blood
Books
 c - a book of Maledictions

   Spells                             Type                      Level
   a - Corona                         Hexes                        1
   b - Ensorcelled Hibernation        Hexes/Ice                    2
   c - Confuse                        Hexes                        3
   d - Tukima's Dance                 Hexes                        3
   e - Dazzling Spray                 Conjuration/Hexes            3
 j - a book of Dreams

   Spells                             Type                      Level
   a - Ensorcelled Hibernation        Hexes/Ice                    2
   b - Silence                        Hexes/Air                    5
   c - Darkness                       Hexes                        6
   d - Shadow Creatures               Summoning                    6


   Skills:
 + Level 1.2 Short Blades
 + Level 2.2 Dodging
 + Level 5.0 Stealth
 + Level 2.2 Spellcasting
 + Level 4.8 Hexes


You had 2 spell levels left.
You knew the following spells:

 Your Spells              Type           Power        Failure   Level  Hunger
a - Corona                Hex            ###....      12%         1    #......
b - Ensorcelled Hibernat  Hex/Ice        ##....       45%         2    ###....


Dungeon Overview and Level Annotations

Branches:
Dungeon (5/15)
 Temple: D:4-7

Altars:


Innate Abilities, Weirdness & Mutations

You have razor-sharp teeth.
You have supernaturally acute eyesight. (SInv)
You can survive without breathing.


Message History

You hit the sky beast.
The sky beast is moderately wounded.
The sky beast hits you but does no damage.
You barely miss the sky beast.
The sky beast is moderately wounded.
The sky beast hits you. The sky beast shocks you.
* * * LOW HITPOINT WARNING * * *
You closely miss the sky beast.
The sky beast is moderately wounded.
The sky beast hits you but does no damage.
You closely miss the sky beast.
The sky beast is moderately wounded.
The sky beast flickers out of sight for a moment.
The sky beast hits you but does no damage.
You closely miss the sky beast. Your bite misses the sky beast.
The sky beast is moderately wounded.
The sky beast hits you.
* * * LOW HITPOINT WARNING * * *
The sky beast shocks you.
You die...

.. # ...
.....# ##..
#### .....##
... ...
..!.... ##.
##.####(....#
#
#.....#.....#
##
#.....#.....#
.#
#?....#.....#
h# #.....@.♣P
..# #.....Y.P♣
#.#
#.....#......
.p
##.####)......
... #. ####...
.... #. ..
.... #. . #.
#.


You could see a sky beast (invisible).

Vanquished Creatures
  A dart slug (D:2)
  A leopard gecko (D:3)
  An orc (D:3)
  3 giant cockroaches
  A goblin (D:3)
  2 hobgoblins
  A quokka (D:4)
  A frilled lizard (D:1)
  2 rats (D:3)
13 creatures vanquished.

Notes
Turn   | Place    | Note
-------+----------+-------------------------------------------
     0 | D:1      | dohliylev the Vampire Enchanter began the quest for the Orb.
     0 | D:1      | Reached XP level 1. HP: 13/13 MP: 3/3
   176 | D:3      | Reached XP level 2. HP: 16/19 MP: 5/5
   188 | D:3      | Learned a level 2 spell: Ensorcelled Hibernation
   284 | D:3      | Reached skill level 5 in Stealth
   316 | D:4      | Noticed an ogre
   341 | D:5      | Entered Level 5 of the Dungeon
   369 | D:5      | Noticed a howler monkey
   371 | D:5      | Noticed a slave
   377 | D:5      | Noticed a sky beast
   394 | D:5      | Slain by a sky beast

Skill      XL: |  1  2 |
---------------+-------+-----
Stealth        | 5 |  5.0
Short Blades   | |  1.2
Dodging        | |  2.2
Spellcasting   | |  2.2
Hexes          | |  4.8

Action                   || total
-------------------------++-------
Melee: Dagger            ||    51
       Bite              ||     3
 Cast: Corona            ||     1
 Stab: Sleeping          ||     5
  Eat: Corpse            ||     2
Armor: Ring mail         ||    16
Dodge: Dodged            ||    25
